 Dungeon Sprint DCSS version 0.29-a0-468-ge57f7f99b4 (webtiles) character file.

Game seed: 13164286429275937974

5387 mhtbhm the Severer (level 10, -15/153 HPs)
             Began as a Hill Orc Berserker on May 21, 2022.
             Was the Champion of Trog.
             Demolished by Agnes
             ... wielding a +1 lajatang of electrocution
              (19 damage)
             ... in the Dungeon (Sprint IV: "Fedhas' Mad Dash").
             The game lasted 00:04:51 (3240 turns).

mhtbhm the Severer (Hill Orc Berserker)             Turns: 3240, Time: 00:04:52

Health: -15/153    AC: 12    Str: 25    XL:     10   Next: 66%
Magic:  10/10      EV: 10    Int:  7    God:    Trog [******]
Gold:   139        SH:  0    Dex: 10    Spells: 9/9 levels left

rFire   + + .      SeeInvis +   a - +1 executioner's axe
rCold   + . .      Faith    .   (shield currently unavailable)
rNeg    . . .      Spirit   .   b - +3 chain mail {rC+}
rPois   .          Reflect  .   (no helmet)
rElec   +          Harm     .   (no cloak)
rCorr   .          Rampage  .   (no gloves)
Will    ++...      NoTele   +   (no boots)
Stlth   ..........              i - amulet of invisibility {+Inv}
HPRegen 1.35/turn               k - ring of Rute {rElec rF++ SInv}
MPRegen 0.12/turn               (no ring)

@: berserking (expiring), strong-willed (expiring), regenerating (expiring),
very quick
A: no striking features
a: Renounce Religion, Evoke Invisibility, Berserk, Trog's Hand, Brothers in Arms


You were in the Dungeon.
You worshipped Trog.
Trog was exalted by your worship.
You visited 1 branch You collected 259 gold pieces.
You spent 120 gold pieces at shops.

Inventory:

Hand Weapons
 a - a +1 executioner's axe (weapon)
Missiles
 o - 5 poisoned darts (quivered)
Armour
 b - a +3 chain mail of cold resistance (worn)
Jewellery
 i - the amulet of invisibility (around neck) {+Inv}
   (You found it in the Dungeon)

   [amulet of nothing]

   +Inv:      It lets you turn invisible.
 k - the ring of Rute (left hand) {rElec rF++ SInv}
   (You found it in the Dungeon)

   [ring of see invisible]

   rF:        It greatly protects you from fire.
   rElec:     It insulates you from electricity.
   SInv:      It lets you see invisible.
Scrolls
 h - a scroll of blinking
 m - a scroll of magic mapping {unknown}
 n - a scroll of fear {unknown}
Potions
 c - a potion of curing
 d - a potion of heal wounds
 e - a potion of haste
 f - 2 potions of magic
 g - a potion of berserk rage
 j - a potion of degeneration {unknown}
Miscellaneous
 l - a piece from Xom's chessboard (15/15)


   Skills:
 + Level 13.7 Fighting
 + Level 20.0 Axes
 + Level 4.5 Armour
 + Level 5.5 Dodging
 + Level 10.9 Stealth
 + Level 8.3 Evocations


You had 9 spell levels left.
You didn't know any spells.
Your spell library was empty.

Dungeon Overview and Level Annotations

Branches:
Dungeon (1/1)

Altars:
Cheibriados
Dithmenos
Elyvilon
Gozag
Hepliaklqana
Kikubaaqudgha
Makhleb
Nemelex Xobeh
Okawaru
Qazlal
Ru
Sif Muna
Trog
Uskayaw
Vehumet
Wu Jian
Xom
Yredelemnul
Zin
The Shining One
Beogh
Jiyva
Lugonu

Shops:
D **[[*=

Annotations:
D Agnes


Message History

You miss Agnes.
Agnes is moderately wounded.
Agnes hits you but does no damage.
You closely miss Agnes.
Agnes is moderately wounded.
Agnes hits you with a +1 lajatang of electrocution!
You slash Agnes!
Agnes is moderately wounded.
Agnes closely misses you.
You slice Agnes!!
Agnes is heavily wounded.
Agnes hits you with a +1 lajatang of electrocution!
Agnes hits you but does no damage.
You miss Agnes.
Agnes is heavily wounded.
You slash Agnes!
Agnes is severely wounded.
Agnes hits you with a +1 lajatang of electrocution!
You slice Agnes!!
Agnes is almost dead.
Agnes closely misses you.
You completely miss Agnes.
Agnes is almost dead.
Agnes hits you with a +1 lajatang of electrocution!
You completely miss Agnes.
Agnes is almost dead.
Agnes hits you with a +1 lajatang of electrocution!!
* * * LOW HITPOINT WARNING * * *
Agnes hits you with a +1 lajatang of electrocution!
* * * LOW HITPOINT WARNING * * *
You barely miss Agnes.
Agnes is almost dead.
You feel the effects of Trog's Hand fading.
Agnes hits you with a +1 lajatang of electrocution!
* * * LOW HITPOINT WARNING * * *
You barely miss Agnes.
Agnes is almost dead.
Agnes mutters, "I never trained for this."
Agnes hits you with a +1 lajatang of electrocution!!
You die...

#################################
#.⌠._._._._.⌠.#..')..#....##∩##)#
'.._._._._._..'.)#...#....'.)##'#
#..._._._._...#..###'##.([##∩#..#
#.._._._._._..#..##∩∩.'...#####..
#._._._._._.⌠.#################..
###################....:.###.....
#♣♣♣♣♣..♣.###.'.@'......)')))..♣.
......♣†.♣##:.#.i#.P.....########
♣..♣♣♣.♣).###.##'##.P....#
.♣♣..♣.).♣'...#♣.♣######## #
#############... ♣.. .... ♣...
#####


You could see Agnes.

Vanquished Creatures
  A spriggan druid (D)
  6 oklob plants (D)
  A demonic crawler (D)
  A queen bee (D)
  3 burning bushes (D)
  2 hornets (D)
  3 wandering mushrooms (D)
  3 scorpions (D)
  4 killer bees (D)
  5 oklob saplings (D)
  5 spriggans (D)
  A river rat (D)
  A rat (D)
  A ballistomycete spore (D)
37 creatures vanquished.

Vanquished Creatures (others)
  4 fungi (D)
4 creatures vanquished.

Grand Total: 41 creatures vanquished

Notes
Turn   | Place    | Note
-------+----------+-------------------------------------------
     0 | D        | mhtbhm the Hill Orc Berserker began the quest for the Orb.
     0 | D        | Reached XP level 1. HP: 19/19 MP: 1/1
    12 | D        | Reached skill level 5 in Axes
    12 | D        | Reached XP level 2. HP: 20/28 MP: 2/2
   105 | D        | Noticed an oklob sapling
   107 | D        | Killed an oklob sapling
   107 | D        | Reached ** piety under Trog
   108 | D        | Reached skill level 5 in Fighting
   108 | D        | Reached skill level 6 in Axes
   108 | D        | Reached XP level 3. HP: 37/37 MP: 3/3
   280 | D        | Noticed a scorpion
   280 | D        | Found the amulet of invisibility {+Inv}
   284 | D        | Killed a scorpion
   285 | D        | Reached skill level 8 in Axes
   285 | D        | Reached XP level 4. HP: 47/47 MP: 4/4
   441 | D        | Found an opulent altar of Gozag.
   441 | D        | Found a hazy altar of Hepliaklqana.
   441 | D        | Found a burning altar of Makhleb.
   441 | D        | Found a roughly hewn altar of Beogh.
   441 | D        | Found a sparkling altar of Nemelex Xobeh.
   441 | D        | Found a snail-covered altar of Cheibriados.
   441 | D        | Found a sacrificial altar of Ru.
   441 | D        | Found a shimmering blue altar of Sif Muna.
   441 | D        | Found a shimmering altar of Xom.
   441 | D        | Found a basalt altar of Yredelemnul.
   444 | D        | Found a viscous altar of Jiyva.
   444 | D        | Found a bloodstained altar of Trog.
   444 | D        | Found an ornate altar of the Wu Jian Council.
   444 | D        | Noticed an oklob sapling priest
   445 | D        | Found an iron altar of Okawaru.
   445 | D        | Found a shadowy altar of Dithmenos.
   445 | D        | Found a glowing silver altar of Zin.
   446 | D        | Found an ancient bone altar of Kikubaaqudgha.
   446 | D        | Found a hide-covered altar of Uskayaw.
   447 | D        | Found a stormy altar of Qazlal.
   447 | D        | Found a white marble altar of Elyvilon.
   447 | D        | Found a glowing golden altar of the Shining One.
   448 | D        | Found a corrupted altar of Lugonu.
   448 | D        | Found a radiant altar of Vehumet.
   462 | D        | Killed an oklob sapling priest
   463 | D        | Reached skill level 9 in Axes
   463 | D        | Reached skill level 1 in Stealth
   463 | D        | Reached XP level 5. HP: 22/53 MP: 3/5
   991 | D        | Reached skill level 1 in Evocations
  1201 | D        | Reached skill level 10 in Axes
  1201 | D        | Reached *** piety under Trog
  1202 | D        | Reached XP level 6. HP: 66/66 MP: 6/6
  1352 | D        | Found Niagiciph's General Store.
  1352 | D        | Found Udots's Assorted Antiques.
  1574 | D        | Noticed a queen bee
  1592 | D        | Reached skill level 10 in Fighting
  1592 | D        | Reached skill level 11 in Axes
  1593 | D        | Reached **** piety under Trog
  1594 | D        | Reached XP level 7. HP: 62/73 MP: 5/7
  1595 | D        | Killed a queen bee
  1596 | D        | Reached skill level 12 in Axes
  1596 | D        | Reached skill level 5 in Stealth
  1762 | D        | Noticed an oklob plant
  1768 | D        | Killed an oklob plant
  1769 | D        | Reached skill level 13 in Axes
  1769 | D        | Reached skill level 5 in Evocations
  1769 | D        | Reached XP level 8. HP: 82/82 MP: 5/8
  1823 | D        | Noticed a burning bush
  1832 | D        | Killed a burning bush
  1838 | D        | Identified the ring of Rute {rElec rF++ SInv}
  1882 | D        | Noticed a burning bush
  1882 | D        | Noticed an oklob plant
  1883 | D        | Noticed a wandering mushroom
  1887 | D        | Killed a burning bush
  1888 | D        | Reached skill level 14 in Axes
  1900 | D        | Killed an oklob plant
  1900 | D        | Reached ***** piety under Trog
  1901 | D        | Reached skill level 15 in Axes
  1901 | D        | Reached XP level 9. HP: 74/90 MP: 9/9
  2229 | D        | Noticed a burning bush
  2229 | D        | Noticed a wandering mushroom
  2230 | D        | Noticed a wandering mushroom
  2234 | D        | Found Gidaocru's Antique Armour Shoppe.
  2235 | D        | Found Otobema's Antique Armour Emporium.
  2240 | D        | Killed a burning bush
  2241 | D        | Reached skill level 16 in Axes
  2562 | D        | Noticed a spriggan druid
  2569 | D        | Killed a spriggan druid
  2569 | D        | Received a gift from Trog
  2570 | D        | Reached skill level 17 in Axes
  2570 | D        | Reached skill level 5 in Dodging
  2583 | D        | Noticed a hornet
  2585 | D        | Killed a hornet
  2586 | D        | Reached XP level 10. HP: 95/100 MP: 10/10
  2615 | D        | Noticed an oklob plant conjurer
  2618 | D        | Killed an oklob plant conjurer
  2619 | D        | Reached skill level 18 in Axes
  2619 | D        | Reached skill level 10 in Stealth
  2932 | D        | Noticed an oklob plant
  2932 | D        | Noticed an oklob plant summoner
  2933 | D        | Noticed an oklob plant shifter
  2941 | D        | Killed an oklob plant
  2946 | D        | Killed an oklob plant summoner
  2947 | D        | Reached skill level 19 in Axes
  2950 | D        | Killed an oklob plant shifter
  2950 | D        | Reached ****** piety under Trog
  3065 | D        | Noticed a demonic crawler
  3072 | D        | Noticed a spriggan rider
  3076 | D        | Killed a demonic crawler
  3076 | D        | Received a gift from Trog
  3080 | D        | Found Tiesoar's Assorted Antiques.
  3083 | D        | Reached skill level 20 in Axes
  3164 | D        | Found Cefoareg's Jewellery Shoppe.
  3189 | D        | Bought a runed chain mail for 120 gold pieces
  3220 | D        | Noticed Agnes
  3239 | D        | HP: 3/153 [Agnes/+1 lajatang of electrocution (15)]
  3240 | D        | Demolished by Agnes

Illustrated notes

Levels and vault maps discovered:
D:        dungeon_sprint_fedhas [sprint_temple]

Skill      XL: |  1  2  3  4  5  6  7  8  9 10 |
---------------+-------------------------------+-----
Fighting       | 4 5 7 8 9 10 11 12 13 | 13.7
Axes           | 5 6 8 9 10 11 13 15 17 20 | 20.0
Armour         | 3 4 |  4.5
Dodging        | 2 3 4 5 |  5.5
Stealth        | 1 2 4 7 8 9 10 | 10.9
Evocations     | 1 3 5 6 7 8 |  8.3

Action                   |  1- 3 |  4- 6 |  7- 9 | 10-12 || total
-------------------------+-------+-------+-------+-------++-------
Melee: Hand axe          |    11 |    16 |       |       ||    27
       Battleaxe         |       |     5 |    49 |    27 ||    81
       Executioner's axe |       |       |       |    17 ||    17
Invok: Berserk           |     2 |     4 |     4 |     4 ||    14
       Trog's Hand       |       |       |       |     1 ||     1
 Abil: Evoke Invisibilit |       |     4 |     3 |     1 ||     8
  Use: Potion            |       |       |     1 |       ||     1
 Stab: Invisible         |       |     3 |     5 |     3 ||    11
       Sleeping          |       |     4 |     4 |     2 ||    10
Armor: Animal skin       |       |     2 |       |     2 ||     4
       Chain mail        |       |       |       |     2 ||     2
Dodge: Dodged            |     4 |     9 |    14 |    12 ||    39

Table legend: (Time is in decaauts)
 A = Elapsed time spent in this place.
 B = Non-inter-level travel time spent in this place.
 C = Inter-level travel time spent in this place.
 D = Time resting spent in this place.
 E = Time spent auto-exploring this place.
 F = Levels seen in this place.
 G = Mean time per level.
                   A        B        C        D        E       F      G
               +--------+--------+--------+--------+--------+-----+--------+
         Total |   3352 |   3352 |      0 |   2707 |      3 |   1 | 3352.0 |
       Dungeon |   3352 |   3352 |      0 |   2707 |      3 |   1 | 3352.0 |
               +--------+--------+--------+--------+--------+-----+--------+

Top non-repeatable levels by time:
       D: 3352 daAuts
